 Dungeon Crawl Stone Soup version 0.27.0-1-g7a089689b8 (webtiles) character file.

Game seed: 2423067466300135581

175 Fv001 the Magician (level 5, -11/36 HPs)
             Began as a Djinni Fire Elementalist on Aug 13, 2021.
             Killed by divine providence
             ... invoked by an orc priest
              (13 damage)
             ... on level 3 of the Dungeon.
             The game lasted 00:09:10 (3004 turns).

Fv001 the Magician (Djinni Fire Elementalist)       Turns: 3004, Time: 00:09:11

Health: -11/36     AC:  5    Str: 12    XL:     5   Next: 85%
Gold:   140        EV: 12    Int: 16    God:
                   SH:  8    Dex: 14

rFire    + + .     SeeInvis .   a - +0 flail
rCold    x . .     Faith    .   g - +0 buckler
rNeg     . . .     Spirit   .   b - +0 robe
rPois    ∞         Reflect  +   n - +2 helmet of Negligence {Str+4}
rElec    .         Harm     .   (no cloak)
rCorr    .         Rampage  .   (no gloves)
Will     .....                  (boots unavailable)
Stlth    ++........             e - amulet of reflection
HPRegen  0.12/turn              (no ring)
MPRegen  0.00/turn              (no ring)

@: flying
A: sickness immunity, fire resistance 2, cold vulnerability 1, float, innate
caster, hp casting, extra vitality 1
a: no special abilities


You were on level 3 of the Dungeon.
You visited 1 branch of the dungeon, and saw 3 of its levels.

You collected 140 gold pieces.

Inventory:

Hand Weapons
 a - a +0 flail (weapon)
Armour
 b - a +0 robe (worn)
 g - a +0 buckler (worn)
 n - the +2 helmet of Negligence (worn) {Str+4}
   (You took it off Robin on level 3 of the Dungeon)

   Str:       It affects your strength (+4).
Jewellery
 e - an amulet of reflection (around neck)
Scrolls
 i - a scroll of acquirement {unknown}
 m - a scroll of fear
Potions
 c - a potion of might {unknown}
 d - a potion of berserk rage {unknown}
 f - a potion of magic {unknown}
 h - a potion of ambrosia {unknown}
 j - 2 potions of cancellation {unknown}
 k - a potion of attraction {unknown}
 l - a potion of haste


   Skills:
 + Level 0.5 Fighting
 + Level 1.3 Maces & Flails
 + Level 3.0 Dodging
 + Level 2.4 Stealth
 + Level 0.4 Shields
 + Level 3.7 Spellcasting


You couldn't memorise any spells.
You knew the following spells:

 Your Spells              Type           Power      Damage    Failure   Level
a - Foxfire               Conj/Fire      56%        2x1d6     6%          1
b - Conjure Flame         Conj/Fire      14%        6-21      17%         3
c - Inner Flame           Hex/Fire       14%        N/A       17%         3
d - Sticky Flame          Conj/Fire      14%        2d4       50%         4
e - Fireball              Conj/Fire      7%         3d5       85%         5
f - Magic Dart            Conj           56%        1d5       6%          1
g - Slow                  Hex            14%        N/A       9%          2
Your spell library was empty.

Dungeon Overview and Level Annotations

Branches:
Dungeon (3/15)

Altars:


Innate Abilities, Weirdness & Mutations

You are immune to sickness and miasma.
You are immune to poison.
Your flesh is very heat resistant. (rF++)
You are vulnerable to cold. (rC-)
You float through the air rather than walking.
You learn spells naturally, not from books.
Your magical power is your life essence.
You have superior vitality. (+4 HP)


Message History

You kill the bat! 2 ball pythons, a giant cockroach and an orc priest come into view.
Casting: Magic Dart (safe; 6% risk of failure)
Confirm with . or Enter, or press ? or * to list all spells.
The spell is quite dangerous to cast (17% risk of failure)!
Continue anyway?
Aiming: Inner Flame (quite dangerous; 17% risk of failure)
Press: ? - help, Shift-Dir - straight line, f - orc priest
Aim: an orc priest, wielding a +0 hand axe and wearing a +0 ring mail (chance to affect: 68%)
The orc priest is filled with an inner flame.
The orc priest invokes the aid of Beogh against you.
Pain shoots through your body!
Casting: Inner Flame (quite dangerous; 17% risk of failure)
Confirm with . or Enter, or press ? or * to list all spells.
Aiming: Magic Dart (safe; 6% risk of failure)
Press: ? - help, Shift-Dir - straight line, f/p - orc priest
Aim: an orc priest, wielding a +0 hand axe and wearing a +0 ring mail (inner flame, 100% to hit)
The magic dart hits the orc priest but does no damage.
Casting: Magic Dart (safe; 6% risk of failure)
Confirm with . or Enter, or press ? or * to list all spells.
Aiming: Magic Dart (safe; 6% risk of failure)
Press: ? - help, Shift-Dir - straight line, f/p - orc priest
Aim: an orc priest, wielding a +0 hand axe and wearing a +0 ring mail (inner flame, 100% to hit)
The magic dart hits the orc priest but does no damage.
You block the giant cockroach's attack.
The orc priest calls down the wrath of Beogh upon you.
Pain shoots through your body! You block the giant cockroach's attack.
Casting: Magic Dart (safe; 6% risk of failure)
Confirm with . or Enter, or press ? or * to list all spells.
Aiming: Magic Dart (safe; 6% risk of failure)
Press: ? - help, Shift-Dir - straight line, f/p - orc priest
Aim: an orc priest, wielding a +0 hand axe and wearing a +0 ring mail (inner flame, 100% to hit)
The magic dart hits the orc priest but does no damage.
The giant cockroach bites you. You block the giant cockroach's attack.
The orc priest mumbles some strange prayers to Beogh against you.
Beogh smites you!
* * * LOW HITPOINT WARNING * * *
The orc priest invokes the aid of Beogh against you.
Beogh smites you!
You die...

##.##.# #....>#
#..#### #))# #.)#
#..# #..#####.#
##..# #........#
....
########@########
###...##.So...B.#
....S.#.########
.##....#.#
S......#o#
#...#S### #..#..#
#...#.#.#
###.###.#


You could see an orc priest (inner flame), a giant cockroach and a ball python.

Vanquished Creatures
  An orc wizard (D:3)
  Jessica (D:3)
  Robin (D:3)
  2 adders
  3 dart slugs (D:1)
  4 orcs (D:3)
  9 bats
  7 endoplasms
  14 goblins
  6 hobgoblins
  6 jackals (D:1)
  5 quokkas
  5 ball pythons
  4 frilled lizards
  6 kobolds
  A rat (D:1)
75 creatures vanquished.

Vanquished Creatures (others)
  144 foxfires
144 creatures vanquished.

Grand Total: 219 creatures vanquished

Notes
Turn   | Place    | Note
-------+----------+-------------------------------------------
     0 | D:1      | Fv001 the Djinni Fire Elementalist began the quest for the
                  | Orb.
     0 | D:1      | Reached XP level 1. HP: 15/15 MP: 0/0
    63 | D:1      | Reached XP level 2. HP: 15/21 MP: 0/0
   399 | D:1      | Reached XP level 3. HP: 25/25 MP: 0/0
   399 | D:1      | Learned a level 1 spell: Magic Dart
  1411 | D:2      | Reached XP level 4. HP: 31/31 MP: 0/0
  1814 | D:2      | You are sucked into a shaft and drop 1 floor!
  2522 | D:3      | Noticed Jessica
  2527 | D:3      | Killed Jessica
  2528 | D:3      | Reached skill level 1 in Maces & Flails
  2528 | D:3      | Reached XP level 5. HP: 31/35 MP: 0/0
  2528 | D:3      | Learned a level 2 spell: Slow
  2625 | D:3      | Identified the +2 helmet of Negligence {Str+4}
  2625 | D:3      | Noticed Robin
  2642 | D:3      | Killed Robin
  3004 | D:3      | Killed from afar by an orc priest

Illustrated notes

Levels and vault maps discovered:
D:1:      giann_wishing_wells, layout_basic
D:2:      layout_basic
D:3:      layout_loops_ring, ebering_ecumenical_altar_ruins, uniq_robin,
          uniq_jessica

Skill      XL: |  1  2  3  4  5 |
---------------+----------------+-----
Spellcasting   | 3 |  3.7
Stealth        | 2 |  2.4
Maces & Flails | 1 |  1.3
Dodging        | 3 |  3.0
Fighting       | |  0.5
Shields        | |  0.4

Action                   |  1- 3 |  4- 6 || total
-------------------------+-------+-------++-------
Melee: Club              |    17 |       ||    17
       Mace              |     2 |    21 ||    23
       Flail             |       |     2 ||     2
 Cast: Foxfire           |    45 |    48 ||    93
       Magic Dart        |     3 |     9 ||    12
       Inner Flame       |       |     3 ||     3
       Slow              |       |     1 ||     1
  Use: Scroll            |       |     3 ||     3
 Stab: Sleeping          |     1 |     2 ||     3
Armor: Robe              |     8 |     8 ||    16
Dodge: Dodged            |    13 |    23 ||    36
Block: Other             |     2 |       ||     2
       Buckler           |       |    18 ||    18
